 Dungeon Crawl Stone Soup version 0.24.0-37-gcf1ca852f1 (webtiles) character file.

Game seed: 10533507784003784690, levelgen mode: deterministic

9238 FishyPogo the Thaumaturge (level 11, -1/86 HPs)
             Began as a Gnoll Skald on Dec 1, 2019.
             Was an Elder of the Shining One.
             Killed from afar by Fannar (24 damage)
             ... with a bolt of cold
             ... on level 10 of the Dungeon.
             The game lasted 00:34:32 (7037 turns).

FishyPogo the Thaumaturge (Gnoll Skald)             Turns: 7037, Time: 00:34:32

Health: -1/86      AC: 20    Str: 17    XL:     11   Next: 43%
Magic:  6/23       EV: 11    Int: 16    God:    the Shining One [****..]
Gold:   662        SH:  0    Dex: 14    Spells: 10/26 levels left

rFire    . . .     SeeInvis .   a - +2 whip (elec)
rCold    . . .     Gourm    .   (no shield)
rNeg     + + .     Faith    .   B - +2 chain mail {rPois}
rPois    +         Spirit   .   s - +1 helmet
rElec    .         Reflect  .   m - +1 cloak
rCorr    .         Harm     .   J - +2 pair of gloves
MR       .....                  (no boots)
Stlth    +.........             f - amulet of regeneration
HPRegen  0.64/turn              x - ring of stealth
MPRegen  0.18/turn              (no ring)

@: glowing
A: distributed training, fangs 1, strong nose
a: Divine Shield, Cleansing Flame, Renounce Religion


You were on level 10 of the Dungeon.
You worshipped the Shining One.
The Shining One was greatly pleased with you.
You were not hungry.

You visited 1 branch of the dungeon, and saw 10 of its levels.

You collected 662 gold pieces.

Inventory:

Hand Weapons
 a - a +2 whip of electrocution (weapon)
 b - a +5 dagger
Missiles
 c - 9 javelins
 e - 236 stones
 k - 3 boomerangs
 w - 41 poisoned darts (quivered)
 D - 6 silver javelins
 I - 4 datura-tipped darts
Armour
 m - a +1 cloak (worn)
 s - a +1 helmet (worn)
 A - a +1 chain mail of positive energy
 B - a +2 chain mail of poison resistance (worn)
 J - a +2 pair of gloves (worn)
Jewellery
 f - an amulet of regeneration (around neck)
 x - a ring of stealth (left hand)
Wands
 r - a wand of enslavement (6)
 y - a wand of iceblast (12)
 H - a wand of acid (9)
Scrolls
 g - 3 scrolls of remove curse
 i - 3 scrolls of magic mapping
 o - 3 scrolls of identify
 p - 4 scrolls of enchant armour
 t - a scroll of enchant weapon
 G - a scroll of blinking
 K - a scroll of amnesia {unknown}
Potions
 h - 2 potions of resistance {unknown}
 j - a potion of might {unknown}
 l - 3 potions of curing
 n - 3 potions of lignification
 u - a potion of brilliance {unknown}
 v - 2 potions of heal wounds
 z - a potion of cancellation {unknown}
 C - 3 potions of magic {unknown}
 E - 4 potions of degeneration {unknown}
 F - a potion of agility {unknown}
Comestibles
 d - 21 rations


   Skills:
 + Level 7.8 Fighting
 + Level 7.8 Short Blades
 + Level 6.2 Long Blades
 + Level 6.2 Axes
 + Level 6.2 Maces & Flails
 + Level 6.2 Polearms
 + Level 6.2 Staves
 + Level 6.2 Slings
 + Level 6.2 Bows
 + Level 6.2 Crossbows
 + Level 6.2 Throwing
 + Level 6.7 Armour
 + Level 7.8 Dodging
 + Level 6.2 Stealth
 + Level 6.2 Shields
 + Level 6.2 Unarmed Combat
 + Level 8.0 Spellcasting
 + Level 5.1 Conjurations
 + Level 5.1 Hexes
 + Level 7.6 Charms
 + Level 5.1 Summonings
 + Level 5.1 Necromancy
 + Level 5.1 Translocations
 + Level 5.1 Transmutations
 + Level 5.1 Fire Magic
 + Level 5.1 Ice Magic
 + Level 5.1 Air Magic
 + Level 5.1 Earth Magic
 + Level 5.1 Poison Magic
 + Level 6.8 Invocations
 + Level 6.2 Evocations


You had 10 spell levels left.
You knew the following spells:

 Your Spells              Type           Power        Failure   Level  Hunger
b - Corona                Hex            ###....      16%         1    None
h - Regeneration          Chrm/Necr      ####......   28%         3    ##.....
l - Summon Lightning Spi  Summ/Air       ###.....     85%         4    ####...
n - Spectral Weapon       Hex/Chrm       ####....     28%         3    ##.....
p - Shroud of Golubria    Chrm/Tloc      ####..       14%         2    None
u - Song of Slaying       Chrm           ####....     9%          2    None
y - Infusion              Chrm           ####         6%          1    None

Your spell library contained the following spells:

 Spells                   Type           Power        Failure   Level  Hunger
 Summon Small Mammal      Summ           ###.         16%         1    None
 Call Imp                 Summ           ###.....     24%         2    None
 Slow                     Hex            ###.....     24%         2    None
 Call Canine Familiar     Summ           ###.....     43%         3    ##.....
 Inner Flame              Hex/Fire       ###.....     43%         3    ##.....
 Portal Projectile        Hex/Tloc       ###...       43%         3    ##.....
 Summon Guardian Golem    Hex/Summ       ###.....     43%         3    ##.....
 Cause Fear               Hex            ###.......   85%         4    ####...
 Leda's Liquefaction      Hex/Erth       ###.......   85%         4    ####...
 Summon Ice Beast         Ice/Summ       ###.....     85%         4    ####...


Dungeon Overview and Level Annotations

Branches:
Dungeon (10/15)            Temple (0/1) D:6
   Lair: D:8-11         Orc: D:9-12

Altars:
Dithmenos
Gozag
Hepliaklqana
Qazlal
Sif Muna
Trog
Uskayaw
Xom
Yredelemnul
Zin
The Shining One

Annotations:
D:6 exclusion: death knight
D:10 3 runed translucent doors, Fannar; infcreate's ghost, journeyman DECj


Innate Abilities, Weirdness & Mutations

Your experience applies equally to all skills.
You have very sharp teeth.
Your uncanny sense of smell can sniff out nearby items.


Message History

Fannar hits your spectral weapon with an uncursed staff of cold.
Your spectral weapon shares its damage with you!
Fannar freezes your spectral weapon!
Your spectral weapon shares its damage with you!
Your spectral weapon fades away.
Fannar shouts!
Unknown command.
Casting: Spectral Weapon (safe; 28% risk of failure)
Confirm with . or Enter, or press ? or * to list all spells.
You draw out your weapon's spirit!
Fannar gestures at you while chanting. The bolt of cold hits you!
* * * LOW HITPOINT WARNING * * *
You closely miss Fannar.
Fannar is severely wounded.
You hit Fannar but do no damage. Your bite misses Fannar.
Fannar is severely wounded.
Fannar casts a spell at you. The bolt of cold hits you!!
You die...

#... #. ....... ## ..........
###......... .....≈.....
#....≈.....
..........################# ∆
........e(.............##. #.#
#@.............##. #.#
#..≈≈..........##. #O#
#...≈≈≈......≈.#..
########e#######...°≈≈≈≈......#.#
......Y.Y......+....≈≈........'.#
########Y#######..............#.#
...... #.# #.............>###
###### #.# #..............# ....#
#.. #..............#


You could see Fannar and a friendly spectral +2 whip of electrocution.

Vanquished Creatures
  A centaur warrior (D:9)
  2 two-headed ogres (D:9)
  A death yak (D:8)
  An unseen horror (D:8)
  A centaur zombie (D:10)
  Psyche (D:10)
  A troll (D:9)
  A shadow (D:9)
  2 yaks (D:8)
  A wyvern (D:5)
  A hungry ghost (D:9)
  Duvessa (D:7)
  6 ice beasts
  5 orc warriors
  A sky beast (D:8)
  A black bear (D:7)
  A necrophage (D:10)
  2 phantoms (D:9)
  2 ogres
  2 centaurs
  2 crocodiles
  2 big kobolds
  6 bullfrogs
  Dowan (D:7)
  A water moccasin skeleton (D:9)
  4 scorpions
  3 howler monkeys
  4 wights (D:9)
  2 electric eels
  8 crimson imps
  2 bullfrog skeletons (D:9)
  5 hounds
  A jelly (D:10)
  A gnoll shaman (D:8)
  3 orc priests
  12 orc wizards
  2 iguanas (D:7)
  4 worker ants
  A hound skeleton (D:8)
  3 gnolls (D:8)
  9 adders
  3 shadow imps
  2 white imps (D:8)
  2 ufetubi (D:8)
  An ooze (D:1)
  An adder zombie (D:5)
  3 adder skeletons
  3 worms
  A dart slug (D:4)
  5 leopard geckos
  37 orcs
  4 bats
  6 giant cockroaches
  12 goblins
  8 hobgoblins
  22 kobolds
  4 quokkas
  A ball python (D:1)
  5 frilled lizards
  A jackal zombie (D:6)
  A leopard gecko zombie (D:6)
  A quokka skeleton (D:6)
  A quokka zombie (D:6)
  7 rats
  A spectral orc (D:2)
242 creatures vanquished.

Vanquished Creatures (others)
  3 fungi (D:10)
  A plant (D:10)
  4 spectral weapons
8 creatures vanquished.

Grand Total: 250 creatures vanquished

Notes
Turn   | Place    | Note
-------+----------+-------------------------------------------
     0 | D:1      | FishyPogo the Gnoll Skald began the quest for the Orb.
     0 | D:1      | Reached XP level 1. HP: 20/20 MP: 6/6
   145 | D:1      | Reached XP level 2. HP: 26/26 MP: 7/7
   160 | D:1      | Learned a level 2 spell: Song of Slaying
   295 | D:1      | Reached XP level 3. HP: 30/31 MP: 3/9
   494 | D:1      | Reached skill level 5 in Spellcasting
   992 | D:2      | Learned a level 2 spell: Shroud of Golubria
   996 | D:2      | Learned a level 3 spell: Regeneration
  1000 | D:2      | Learned a level 3 spell: Spectral Weapon
  1138 | D:2      | Reached skill level 1 in Invocations
  1247 | D:2      | Reached skill level 1 in Long Blades
  1247 | D:2      | Reached skill level 1 in Axes
  1247 | D:2      | Reached skill level 1 in Maces & Flails
  1247 | D:2      | Reached skill level 1 in Polearms
  1247 | D:2      | Reached skill level 1 in Staves
  1247 | D:2      | Reached skill level 1 in Slings
  1247 | D:2      | Reached skill level 1 in Bows
  1247 | D:2      | Reached skill level 1 in Crossbows
  1247 | D:2      | Reached skill level 1 in Throwing
  1247 | D:2      | Reached skill level 1 in Stealth
  1247 | D:2      | Reached skill level 1 in Shields
  1247 | D:2      | Reached skill level 1 in Unarmed Combat
  1247 | D:2      | Reached skill level 1 in Evocations
  1247 | D:2      | Reached XP level 4. HP: 31/38 MP: 2/11
  1433 | D:2      | Found a basalt altar of Yredelemnul.
  1685 | D:3      | Reached skill level 1 in Conjurations
  1685 | D:3      | Reached skill level 1 in Hexes
  1685 | D:3      | Reached skill level 1 in Summonings
  1685 | D:3      | Reached skill level 1 in Necromancy
  1685 | D:3      | Reached skill level 1 in Translocations
  1685 | D:3      | Reached skill level 1 in Transmutations
  1685 | D:3      | Reached skill level 1 in Fire Magic
  1685 | D:3      | Reached skill level 1 in Ice Magic
  1685 | D:3      | Reached skill level 1 in Air Magic
  1685 | D:3      | Reached skill level 1 in Earth Magic
  1685 | D:3      | Reached skill level 1 in Poison Magic
  1685 | D:3      | Reached XP level 5. HP: 39/43 MP: 6/12
  1958 | D:3      | Found a hide-covered altar of Uskayaw.
  2059 | D:3      | Found an opulent altar of Gozag.
  2149 | D:3      | Found a bloodstained altar of Trog.
  2198 | D:4      | Found a glowing golden altar of the Shining One.
  2211 | D:4      | Became a worshipper of the Shining One
  2254 | D:4      | Reached XP level 6. HP: 31/50 MP: 13/13
  2358 | D:4      | Reached skill level 5 in Fighting
  2358 | D:4      | Reached skill level 5 in Short Blades
  2358 | D:4      | Reached skill level 5 in Dodging
  2790 | D:4      | Reached XP level 7. HP: 54/56 MP: 15/15
  2939 | D:4      | Found a hazy altar of Hepliaklqana.
  3099 | D:5      | Entered Level 5 of the Dungeon
  3287 | D:5      | Noticed a wyvern
  3293 | D:5      | Killed a wyvern
  3513 | D:5      | Reached XP level 8. HP: 48/63 MP: 16/16
  3847 | D:6      | Noticed a death knight
  3860 | D:6      | Reached skill level 6 in Spellcasting
  3967 | D:6      | Reached * piety under the Shining One
  4000 | D:6      | Found a staircase to the Ecumenical Temple.
  4281 | D:6      | Reached XP level 9. HP: 52/69 MP: 18/18
  4573 | D:7      | Reached ** piety under the Shining One
  4585 | D:7      | Noticed Duvessa
  4588 | D:7      | Reached skill level 5 in Armour
  4595 | D:7      | Killed Duvessa
  4603 | D:7      | Noticed Dowan
  4608 | D:7      | Killed Dowan
  4764 | D:7      | Learned a level 1 spell: Corona
  5036 | D:8      | Noticed a death yak
  5043 | D:8      | Reached skill level 5 in Invocations
  5061 | D:8      | Killed a death yak
  5061 | D:8      | Reached skill level 7 in Spellcasting
  5061 | D:8      | Reached XP level 10. HP: 37/77 MP: 4/20
  5159 | D:8      | Noticed an unseen horror
  5175 | D:8      | Killed an unseen horror
  5175 | D:8      | Reached skill level 5 in Long Blades
  5175 | D:8      | Reached skill level 5 in Axes
  5175 | D:8      | Reached skill level 5 in Maces & Flails
  5175 | D:8      | Reached skill level 5 in Polearms
  5175 | D:8      | Reached skill level 5 in Staves
  5175 | D:8      | Reached skill level 5 in Slings
  5175 | D:8      | Reached skill level 5 in Bows
  5175 | D:8      | Reached skill level 5 in Crossbows
  5175 | D:8      | Reached skill level 5 in Throwing
  5175 | D:8      | Reached skill level 5 in Stealth
  5175 | D:8      | Reached skill level 5 in Shields
  5175 | D:8      | Reached skill level 5 in Unarmed Combat
  5175 | D:8      | Reached skill level 5 in Evocations
  5648 | D:9      | Noticed a two-headed ogre
  5657 | D:9      | Killed a two-headed ogre
  5716 | D:9      | Noticed a centaur warrior
  5737 | D:9      | Killed a centaur warrior
  5841 | D:9      | Reached *** piety under the Shining One
  5910 | D:9      | Reached XP level 11. HP: 84/84 MP: 14/22
  5963 | D:9      | Learned a level 4 spell: Summon Lightning Spire
  6286 | D:9      | Noticed a two-headed ogre
  6301 | D:9      | Killed a two-headed ogre
  6325 | D:9      | Found a shimmering altar of Xom.
  6372 | D:9      | Found a glowing silver altar of Zin.
  6374 | D:9      | Found a shadowy altar of Dithmenos.
  6375 | D:9      | Found a stormy altar of Qazlal.
  6377 | D:9      | Found a shimmering blue altar of Sif Muna.
  6573 | D:10     | Entered Level 10 of the Dungeon
  6625 | D:10     | Noticed Fannar
  6639 | D:10     | Noticed a two-headed ogre
  6657 | D:10     | Found a runed translucent gate.
  6673 | D:10     | Reached skill level 5 in Conjurations
  6673 | D:10     | Reached skill level 5 in Hexes
  6673 | D:10     | Reached skill level 5 in Summonings
  6673 | D:10     | Reached skill level 5 in Necromancy
  6673 | D:10     | Reached skill level 5 in Translocations
  6673 | D:10     | Reached skill level 5 in Transmutations
  6673 | D:10     | Reached skill level 5 in Fire Magic
  6673 | D:10     | Reached skill level 5 in Ice Magic
  6673 | D:10     | Reached skill level 5 in Air Magic
  6673 | D:10     | Reached skill level 5 in Earth Magic
  6673 | D:10     | Reached skill level 5 in Poison Magic
  6695 | D:10     | Noticed Psyche
  6703 | D:10     | Killed Psyche
  6857 | D:10     | Found a runed translucent gate.
  6858 | D:10     | Noticed infcreate's ghost (journeyman DECj)
  6859 | D:10     | Found a runed translucent gate.
  6859 | D:10     | Identified the cursed +1 short sword of the Unliving
                  | {venom, rN+}
  6862 | D:10     | Reached **** piety under the Shining One
  6938 | D:10     | Reached skill level 8 in Spellcasting
  7037 | D:10     | Killed from afar by Fannar

Levels and vault maps discovered:
D:1:      wander_arrival_lonely_grave, layout_basic, serial_glass,
          glass_columns_a, glass_columns_a, minmay_strange_pillars,
          feat_on_display, minmay_3d_cube
D:2:      layout_rooms, yredelemnul_forgotten_temple_becter,
          kennysheep_cross_bottleneck, minmay_hexomino_f4
D:3:      layout_loops_ring, lemuel_doored_altar, lemuel_crystal_altar,
          eat_drink_and_be_merry_uskayaw, gammafunk_ghost_necromancy,
          first_ration, minmay_misc_feat_rows
D:4:      layout_loops_corners, lemuel_coloured_pillars_altar, tso_metal_star
D:5:      layout_basic, minmay_diced_spiral
D:6:      kennysheep_big_flooded_room, layout_rooms,
          nicolae_overflow_hidden_temple, minmay_temple_entry_slanted
D:7:      layout_cave_pools, uniq_duvessa
D:8:      layout_rooms, serial_ice, serial_ice_n, serial_ice_g, serial_ice_h,
          serial_ice_j
D:9:      layout_basic, minitemple
D:10:     layout_basic, gammafunk_ghost_nasty_kobolds, uniq_psyche, uniq_fannar

Skill      XL: |  1  2  3  4  5  6  7  8  9 10 11 |
---------------+----------------------------------+-----
Spellcasting   | 5 6 7 8 |  8.0
Invocations    | 1 2 3 4 5 6 |  6.8
Long Blades    | 1 2 3 4 5 6 |  6.2
Axes           | 1 2 3 4 5 6 |  6.2
Maces & Flails | 1 2 3 4 5 6 |  6.2
Polearms       | 1 2 3 4 5 6 |  6.2
Staves         | 1 2 3 4 5 6 |  6.2
Slings         | 1 2 3 4 5 6 |  6.2
Bows           | 1 2 3 4 5 6 |  6.2
Crossbows      | 1 2 3 4 5 6 |  6.2
Throwing       | 1 2 3 4 5 6 |  6.2
Stealth        | 1 2 3 4 5 6 |  6.2
Shields        | 1 2 3 4 5 6 |  6.2
Unarmed Combat | 1 2 3 4 5 6 |  6.2
Evocations     | 1 2 3 4 5 6 |  6.2
Conjurations   | 1 2 3 4 5 |  5.1
Hexes          | 1 2 3 4 5 |  5.1
Summonings     | 1 2 3 4 5 |  5.1
Necromancy     | 1 2 3 4 5 |  5.1
Translocations | 1 2 3 4 5 |  5.1
Transmutations | 1 2 3 4 5 |  5.1
Fire Magic     | 1 2 3 4 5 |  5.1
Ice Magic      | 1 2 3 4 5 |  5.1
Air Magic      | 1 2 3 4 5 |  5.1
Earth Magic    | 1 2 3 4 5 |  5.1
Poison Magic   | 1 2 3 4 5 |  5.1
Armour         | 3 4 5 6 |  6.7
Fighting       | 5 6 7 |  7.8
Short Blades   | 5 6 7 |  7.8
Dodging        | 5 6 7 |  7.8
Charms         | 6 7 |  7.6

Action                   |  1- 3 |  4- 6 |  7- 9 | 10-12 || total
-------------------------+-------+-------+-------+-------++-------
Melee: Short sword       |   116 |    83 |       |       ||   199
       Bite              |     9 |    13 |    23 |    39 ||    84
       Whip              |       |    56 |   261 |   219 ||   536
       Punch             |       |       |     1 |     2 ||     3
       Dagger            |       |       |       |    61 ||    61
Throw: Javelin           |       |       |     2 |       ||     2
       Dart              |       |       |     6 |     1 ||     7
 Cast: Infusion          |     6 |     3 |     8 |     7 ||    24
       Spectral Weapon   |     2 |     3 |       |    12 ||    17
       Shroud of Golubri |       |     4 |     1 |     5 ||    10
       Song of Slaying   |       |     2 |     8 |     9 ||    19
       Corona            |       |       |       |     6 ||     6
Invok: Divine Shield     |       |       |       |     1 ||     1
  Use: Scroll            |       |     6 |     8 |     3 ||    17
       Potion            |       |       |     2 |       ||     2
 Stab: Sleeping          |     2 |       |       |       ||     2
  Eat: Chunk             |     1 |     6 |     7 |     8 ||    22
Armor: Leather armour    |    16 |    17 |       |       ||    33
       Chain mail        |       |    30 |    89 |   116 ||   235
       Ring mail         |       |       |    19 |       ||    19
       Skin              |       |       |     2 |       ||     2
Dodge: Dodged            |    70 |    64 |   132 |   104 ||   370
Block: Other             |       |       |       |     3 ||     3
